 Dungeon Crawl Stone Soup version 0.28-a0-1227-ga9037bb4c8 (webtiles) character file.

Game seed: 14122696300375567316

342656 BinkBink the Invulnerable (level 23, -19/345 HPs)
             Began as a Formicid Monk on Dec 22, 2021.
             Was the Champion of Jiyva.
             Killed from afar by a frost giant (33 damage)
             ... with a bolt of cold
             ... on level 4 of the Vaults.
             The game lasted 02:18:26 (40260 turns).

BinkBink the Invulnerable (Formicid Monk)          Turns: 40260, Time: 02:18:30

Health: -19/345    AC: 31    Str: 31    XL:     23   Next: 40%
Magic:  16/23      EV: -1    Int: 16    God:    Jiyva [******]
Gold:   1165       SH: 21    Dex: 20    Spells: 22/22 levels left

rFire   . . .      SeeInvis .   G - +9 quarterstaff (freeze)
rCold   . . .      Faith    .   B - +1 tower shield of Xeapoq {Harm rElec Dex+3}
rNeg    . . .      Spirit   .   (armour currently unavailable)
rPois   +          Reflect  .   (helmet unavailable)
rElec   +          Harm     +   (cloak currently unavailable)
rCorr   +          Rampage  .   (gloves currently unavailable)
Will    ++...      Clarity  +   (boots unavailable)
Stlth   ++........              q - amulet of Japamma {rElec Regen+ Str+2}
HPRegen 3.07/turn               j - +6 ring of strength
MPRegen 0.68/turn               S - +4 ring of evasion

@: mighty, tree-form, constricted, studying Translocations
A: stationary, stasis, torment immunity, boosted hp, permanent stasis, dig
shafts and tunnels, (antennae 3), four strong arms, (hooves 3), clarity, clever
2, (cold resistance 1), robust 2, strong 1, wild magic 1, (pseudopods 1), (jelly
sensing items), (jelly absorbing missiles), MP-powered wands
}: 1/15 runes: slimy
a: Renounce Religion, Oozemancy, Slimify


You were on level 4 of the Vaults.
You worshipped Jiyva.
Jiyva was exalted by your worship.
You were a tree.
You visited 8 branches of the dungeon, and saw 41 of its levels.
You also visited: Ossuary, Ice Cave and Volcano.

You collected 2920 gold pieces.
You spent 1755 gold pieces at shops.

Inventory:

Hand Weapons
 G - a +9 quarterstaff of freezing (weapon)
 M - the +8 mace of Internal Strife {holy, *Corrode +Blink Str+4 Dex+5}
   (You found it on level 5 of the Pits of Slime)

   It has been blessed by the Shining One to cause great damage to the undead
   and demons.
   Str:       It affects your strength (+4).
   Dex:       It affects your dexterity (+5).
   +Blink:    It lets you blink.
   *Corrode:  It may corrode you when you take damage.
 O - the +6 morningstar of Taxation {vorpal, rElec rF+ Will+ Stlth+}
   (You found it on level 5 of the Pits of Slime)

   It inflicts extra damage upon your enemies.
   rF:        It protects you from fire.
   rElec:     It insulates you from electricity.
   Will:      It increases your willpower.
   Stlth:     It makes you more stealthy.
 P - the +8 longbow "Kulunoin" {vorpal, rPois rF+ rCorr}
   (You found it on level 5 of the Pits of Slime)

   Any ammunition fired from it inflicts extra damage upon your enemies.
   rF:        It protects you from fire.
   rPois:     It protects you from poison.
   rCorr:     It protects you from acid and corrosion.
 V - the +5 scythe of Riamen {freeze, rElec Str+2}
   (You found it on level 15 of the Dungeon)

   It freezes those it strikes, dealing additional cold damage.
   It can also slow down cold-blooded creatures.
   Str:       It affects your strength (+2).
   rElec:     It insulates you from electricity.
 W - the +9 hand crossbow of the Nine Wars {freeze, rCorr Dex+3}
   (You found it on level 5 of the Pits of Slime)

   Any ammunition fired from it freezes those it strikes, dealing additional
   cold damage.
   It can also slow down cold-blooded creatures.
   Dex:       It affects your dexterity (+3).
   rCorr:     It protects you from acid and corrosion.
 X - the +8 glaive of the Guard {elec, spectral, AC+5}
   (You found it on level 5 of the Pits of Slime)

   It occasionally discharges a powerful burst of electricity upon striking a
   foe.
   When it strikes, its spirit leaps out and fights alongside the wielder.
   AC:        It affects your AC (+5).
Armour
 b - +3 gold dragon scales (melded)
 B - the +1 tower shield of Xeapoq (worn) {Harm rElec Dex+3}
   (You found it on level 10 of the Dungeon)

   Dex:       It affects your dexterity (+3).
   rElec:     It insulates you from electricity.
   Harm:      It increases damage dealt and taken.
 E - a +0 cloak of preservation
 K - the +1 tower shield of Zojim {rPois rN+ Int-4 Stlth+}
   (You found it on level 5 of the Pits of Slime)

   Int:       It affects your intelligence (-4).
   rPois:     It protects you from poison.
   rN:        It protects you from negative energy.
   Stlth:     It makes you more stealthy.
 Q - a +2 cloak (melded)
 U - a +2 pair of gloves of infusion (melded)
Jewellery
 a - the dreamshard necklace {*Dream Drain}
   (You found it on level 3 of the Elven Halls)

   [amulet of nothing]

   It shatters if its wearer takes lethal or near-lethal damage, preventing the
   blow and releasing protective dreams that heal and fight for the wearer.
   Drain:     It drains your maximum health when unequipped.
 g - a ring of flight
 h - the amulet of the Four Winds {rN+ Will+++ Clar}
   (You took it off a deep elf sorcerer on level 3 of the Elven Halls)

   [amulet of nothing]

   rN:        It protects you from negative energy.
   Clar:      It protects you against confusion.
   Will:      It greatly increases your willpower.
 j - a +6 ring of strength (left branch)
 q - the amulet of Japamma (around neck) {rElec Regen+ Str+2}
   (You took it off a deep elf annihilator on level 3 of the Elven Halls)

   [amulet of regeneration]

   Str:       It affects your strength (+2).
   rElec:     It insulates you from electricity.
   Regen:     It increases your rate of health regeneration.
 u - a ring of protection from cold
 x - a ring of wizardry
 z - the amulet of Boorph {Faith Will++ Int+4}
   (You took it off a deep elf demonologist on level 3 of the Elven Halls)

   [amulet of faith]

   It allows you to gain divine favour quickly.
   Int:       It affects your intelligence (+4).
   Will:      It greatly increases your willpower.
 A - the ring "Fajehem" {Fire rPois Will- Int+2}
   (You took it off a deep elf demonologist on level 3 of the Elven Halls)

   [ring of fire]

   It enhances your fire magic.
   Int:       It affects your intelligence (+2).
   rF:        It protects you from fire.
   rC:        It makes you vulnerable to cold.
   rPois:     It protects you from poison.
   Will:      It decreases your willpower.
 D - the ring "Yroed" {Drain rPois Will+ Dex+2}
   (You took it off a deep elf demonologist on level 3 of the Elven Halls)

   [ring of willpower]

   Dex:       It affects your dexterity (+2).
   rPois:     It protects you from poison.
   Drain:     It drains your maximum health when unequipped.
   Will:      It increases your willpower.
 F - a +4 ring of evasion
 H - a ring of positive energy
 S - a +4 ring of evasion (right branch)
 T - a ring of willpower
 Z - a ring of fire
Wands
 d - a wand of iceblast (5)
 n - a wand of mindburst (14)
 y - a wand of paralysis (10)
 C - a wand of charming (2)
 J - a wand of flame (18)
Scrolls
 c - 2 scrolls of immolation {unknown}
 e - 4 scrolls of noise {unknown}
 i - a scroll of identify
 l - 3 scrolls of magic mapping
 o - 2 scrolls of fog
 s - 2 scrolls of fear
 t - 2 scrolls of amnesia {unknown}
 v - 2 scrolls of acquirement {unknown}
 w - a scroll of enchant weapon
 I - 2 scrolls of summoning
 N - a scroll of silence
Potions
 f - a potion of might
 k - 12 potions of curing
 m - a potion of brilliance {unknown}
 p - 2 potions of lignification
 r - 4 potions of flight
 L - 3 potions of attraction


   Skills:
 + Level 18.7 Fighting
 - Level 4.1(12.6) Polearms
 + Level 18.3(18.4) Staves
 O Level 27 Armour
 + Level 12.9 Dodging
 - Level 2.4 Stealth
 - Level 15.0 Shields


You had 22 spell levels left.
You didn't know any spells.
Your spell library contained the following spells:

 Spells                   Type           Power      Damage    Failure   Level
 Animate Skeleton         Necr           0%         N/A       34%         1
 Apportation              Tloc           0%         N/A       34%         1
 Foxfire                  Conj/Fire      0%         2x1d4     34%         1
 Sandblast                Erth           0%         2d4       34%         1
 Shock                    Conj/Air       0%         1d3       34%         1
 Slow                     Hex            0%         N/A       34%         1
 Summon Small Mammal      Summ           0%         N/A       34%         1
 Ensorcelled Hibernation  Hex/Ice        0%         N/A       45%         2
 Call Canine Familiar     Summ           0%         N/A       67%         3
 Confusing Touch          Hex            0%         N/A       67%         3
 Conjure Flame            Conj/Fire      0%         6-21      67%         3
 Dazzling Flash           Conj/Hex       0%         N/A       67%         3
 Frozen Ramparts          Ice            0%         1d2       67%         3
 Inner Flame              Hex/Fire       0%         N/A       67%         3
 Lesser Beckoning         Tloc           0%         N/A       67%         3
 Ozocubu's Armour         Ice            0%         N/A       67%         3
 Portal Projectile        Hex/Tloc       0%         N/A       67%         3
 Summon Guardian Golem    Hex/Summ       0%         N/A       67%         3
 Tukima's Dance           Hex            0%         N/A       67%         3
 Vampiric Draining        Necr           0%         2d6       67%         3
 Airstrike                Air            0%         N/A       96%         4
 Flame Wave               Conj/Fire      0%         2d4       96%         4
 Hailstorm                Conj/Ice       0%         3d3       96%         4
 Ice Form                 Ice/Tmut       0%         N/A       96%         4
 Leda's Liquefaction      Hex/Erth       0%         N/A       96%         4
 Petrify                  Tmut/Erth      0%         N/A       96%         4
 Summon Ice Beast         Ice/Summ       0%         N/A       96%         4
 Summon Lightning Spire   Summ/Air       0%         N/A       96%         4
 Agony                    Necr           0%         N/A       100%        5
 Blade Hands              Tmut           0%         N/A       100%        5
 Excruciating Wounds      Necr           0%         N/A       100%        5
 Iskenderun's Battlesphe  Conj           0%         2d6       100%        5
 Lee's Rapid Deconstruct  Erth           0%         3d5*      100%        5
 Lightning Bolt           Conj/Air       0%         1d11      100%        5
 Manifold Assault         Tloc           0%         N/A       100%        5
 Metabolic Englaciation   Hex/Ice        0%         N/A       100%        5
 Silence                  Hex/Air        0%         N/A       100%        5
 Iron Shot                Conj/Erth      0%         9d1       100%        6
 Simulacrum               Ice/Necr       0%         N/A       100%        6
 Statue Form              Tmut/Erth      0%         N/A       100%        6
 Ozocubu's Refrigeration  Ice            0%         4d5       100%        7
 Spellforged Servitor     Conj/Summ      0%         N/A       100%        7
 Storm Form               Tmut/Air       0%         N/A       100%        7
 Borgnjor's Revivificati  Necr           0%         N/A       100%        8
 Lehudib's Crystal Spear  Conj/Erth      0%         10d2      100%        8
 Necromutation            Tmut/Necr      0%         N/A       100%        8
 Death's Door             Necr           0%         N/A       100%        9
 Blink                    Tloc           Unusable   N/A       N/A         2
 Swiftness                Air            Unusable   N/A       N/A         3

Dungeon Overview and Level Annotations

Branches:
Dungeon (15/15)            Temple (0/1) D:4            Lair (6/6) D:9
 Shoals (1/4) Lair:4        Snake (4/4) Lair:2        Slime (5/5) Lair:6
    Orc (2/2) D:12            Elf (3/3) Orc:2        Vaults (5/5) D:13
  Crypt (0/3) Vaults:2     Depths (0/4) D:15        Ossuary (visited)
  IceCv (visited)         Volcano (visited)

Altars:
Ashenzari
Cheibriados
Dithmenos
Fedhas
Gozag
Kikubaaqudgha
Makhleb
Okawaru
Qazlal
Sif Muna
Trog
Vehumet
Xom
The Shining One
Beogh
Jiyva

Shops:
D:1 *   D:2 *   D:7 *   D:10 *   D:15 (   Orc:2 (!==[   Elf:1 :*   Elf:2 :
Snake:1 *:   Snake:3 *(:[

Annotations:
D:12 2 transporters, exclusion: oklob plant, Gilette's ghost, journeyman TrFi
Lair:6 1 runed translucent door
Snake:2 1 runed translucent door, Ysuobe's ghost, journeyman DDFi
Snake:4 Mlioglotl
Slime:5 Royal Jelly
Elf:1 3 runed translucent doors, exclusion: obsidian statue, Stonecrops's ghost, adept FoFi


Innate Abilities, Weirdness & Mutations

You are a tree.
Your roots penetrate the ground, keeping you stationary.
You cannot be teleported.
You are immune to unholy pain and torment.
Your maximum health is greatly increased.
Your equipment is partially melded.
You cannot be hasted, slowed, berserked, paralysed or teleported.
You can dig through walls and to a lower floor.
((You have a pair of large antennae on your head. (SInv)))
Your four strong arms can wield two-handed weapons with a shield.
((You have hooves in place of feet.))
You possess an exceptional clarity of mind.
Your mind is very acute. (Int +4)
((Your flesh is cold resistant. (rC+)))
You are very robust. (+20% HP)
Your muscles are strong. (Str +2)
Your spells are a little harder to cast, but a little more powerful.
((Armour fits poorly on your pseudopods.))
((You have a small jelly attached to you that senses nearby items.))
((You have a small jelly attached to you that may absorb projectiles.))
You expend magic power (3 MP) to strengthen your wands.


Message History

You block the tentacled monstrosity's attack.
The tentacled monstrosity tentacle-slaps you but does no damage.
The tentacled monstrosity constricts you.
You feel very mighty all of a sudden.
The frost giant points at you and mumbles some strange words.
The bolt of cold hits you! You resist.
* * * LOW HITPOINT WARNING * * *
The tentacled monstrosity tentacle-slaps you.
* * * LOW HITPOINT WARNING * * *
The tentacled monstrosity closely misses you.
The tentacled monstrosity tentacle-slaps you but does no damage.
The tentacled monstrosity constricts you.
Really quaff the potion of lignification?
You turn into a tree.
Your +2 cloak melds into your body.
Your +2 pair of gloves of infusion melds into your body.
Your +3 gold dragon scales melds into your body.
You feel magic leave your hands.
Your roots penetrate the ground.
The frost giant gestures at you while chanting.
The bolt of cold hits you!!
* * * LOW HITPOINT WARNING * * *
You block the tentacled monstrosity's attack.
The tentacled monstrosity tentacle-slaps you but does no damage. x2
The tentacled monstrosity constricts you.
* * * LOW HITPOINT WARNING * * *
You hit the frost giant.
The frost giant is moderately wounded.
The frost giant points at you and mumbles some strange words.
The bolt of cold hits you but does no damage.
You block the tentacled monstrosity's attack.
The tentacled monstrosity tentacle-slaps you but does no damage.
You block the tentacled monstrosity's attack.
The tentacled monstrosity constricts you.
* * * LOW HITPOINT WARNING * * *
You bludgeon the tentacled monstrosity!!
You freeze the tentacled monstrosity.
The tentacled monstrosity is lightly wounded.
You are no longer corroded.
The frost giant points at you and mumbles some strange words.
The bolt of cold hits you!!
You die...

....)....##......................
....>....##......................
.........##.........{............
........)##......................
.........##......J..........{....
.........##............######'#..
###########....#########......#..
#....####.####......#..
#....#♣##J##.'......#..
#....#XC#.#..#......#..
#....##p....##......#..
#....###.>.###......#..
#....##.....#########.. ####
#....'..#.#..#({....... ...#
#....#.##.##.#..###'### ...#
#....####.####..#...... ...#
#....#########^.#......


You could see a tentacled monstrosity (sheltered), an ironbound preserver and a
frost giant (sheltered).

Vanquished Creatures
  An ancient lich (Vaults:4)
  Mara (Snake:4)
  Sojobo (Vaults:2)
  Vashnia (Snake:2)
  Frederick (Vaults:4)
  A golden dragon (Vaults:5)
  2 tentacled monstrosities
  Asterion (Snake:2)
  A deep elf master archer (Elf:3)
  A quicksilver dragon (Vaults:4)
  3 deep elf blademasters
  5 sphinxes
  5 shadow dragons
  Gastronok (Lair:3)
  Agnes (Snake:1)
  A revenant (Vaults:2)
  Donald (Snake:1)
  2 storm dragons (Vaults:4)
  A frost giant (Vaults:5)
  A nagaraja (Snake:3)
  A tengu reaver (Vaults:2)
  2 fire giants
  17 vault wardens
  7 deep elf sorcerers (Elf:3)
  2 orc warlords
  4 deep elf elementalists (Elf:3)
  An iron dragon (Vaults:1)
  15 ironbound preservers
  8 very ugly things
  2 war gargoyles
  7 deep elf demonologists
  An entropy weaver (Vaults:4)
  6 ironbound thunderhulks
  A vampire knight (Vaults:1)
  7 deep elf annihilators
  5 dire elephants
  8 ettins
  5 deep elf death magi
  A jiangshi (Vaults:2)
  An eidolon (Vaults:2)
  A crystal guardian (Vaults:3)
  7 yaktaur captains
  2 salamander tyrants
  5 deep elf high priests
  An anaconda (shapeshifter) (D:14)
  A boulder beetle (Vaults:4)
  8 hydras
  31 vault guards
  A caustic shrike simulacrum (IceCv)
  16 naga warriors
  3 ogre magi
  Erica (D:11)
  5 ironbound frosthearts
  13 centaur warriors
  8 anacondas
  24 dancing weapons
  13 two-headed ogres
  A tengu warrior (D:15)
  7 hell knights
  A deep troll earth mage (Vaults:5)
  11 naga sharpshooters
  11 shock serpents
  Urug (D:11)
  14 deep elf knights
  2 salamander mystics
  A swamp dragon (Vaults:1)
  A death drake (shapeshifter) (Vaults:5)
  A bog body (Lair:2)
  4 naga ritualists
  7 lindwurms
  49 deep trolls
  6 orc knights
  7 ironbound convokers
  12 deep elf archers
  13 wizards
  3 spriggan simulacra (D:14)
  12 mana vipers
  24 deep elf zephyrmancers
  5 harpies
  5 orc sorcerers
  8 phantasmal warriors
  3 necromancers
  16 deep elf pyromancers
  An oklob plant (Lair:4)
  8 cyclopes
  2 wolf spiders (Lair:6)
  14 elephants
  3 merfolk sirens (Lair:4)
  15 salamanders
  A manticore (D:13)
  44 ugly things
  Maurice (D:11)
  17 vault sentinels
  Joseph (D:10)
  An ice statue (Lair:2)
  12 naga magi
  53 black mambas
  5 guardian serpents
  18 cane toads
  5 torpor snails (Lair:6)
  9 komodo dragons
  Maggie (D:7)
  An efreet (D:15)
  A tengu conjurer (D:13)
  An unseen horror (D:10)
  2 entropy weaver simulacra
  4 freezing wraiths
  2 ice devils (Lair:2)
  46 yaktaurs
  3 rime drakes
  11 trolls
  An anaconda simulacrum (Lair:2)
  4 polar bears
  2 jumping spiders (Vaults:4)
  8 hornets (Lair:6)
  3 tyrant leeches (Lair:6)
  21 blink frogs
  Prince Ribbit (Lair:2)
  9 dream sheep
  A dire elephant simulacrum (IceCv)
  An air elemental (Elf:1)
  4 wraiths
  5 shadows
  41 yaks
  7 redbacks
  5 basilisks
  15 wyverns
  9 humans (D:13)
  2 fire bats (Volcano)
  Grum (D:9)
  2 death yak simulacra (Lair:2)
  7 vampire mosquitoes
  4 harpy simulacra
  41 nagas
  6 wargs
  3 acid dragons
  26 water moccasins
  2 hell hounds (Lair:5)
  3 black bears
  16 orc warriors
  A swamp drake (D:9)
  3 ice beasts
  4 boggarts (D:15)
  3 necrophages
  20 ogres
  32 wolves
  3 phantoms
  9 centaurs
  3 kobold brigands
  7 bullfrogs
  A deep troll simulacrum (D:14)
  3 earth elementals (Elf:1)
  2 gnoll sergeants
  3 scorpions
  A water moccasin zombie (D:6)
  A wyvern skeleton (D:7)
  A water moccasin skeleton (D:5)
  4 troll zombies (D:12)
  6 killer bees (D:9)
  6 wights
  9 howler monkeys
  3 lindwurm simulacra
  3 electric eels
  A crimson imp (D:5)
  5 centaur zombies
  Crazy Yiuf (D:6)
  A bullfrog skeleton (D:4)
  2 centaur skeletons
  9 orc priests
  3 hounds
  A scorpion zombie (D:5)
  17 orc wizards
  3 iguanas
  5 hell rats (Lair:2)
  A killer bee zombie (D:7)
  3 ogre zombies (D:12)
  A mummy (D:9)
  2 gnolls (D:9)
  7 adders
  A naga simulacrum (Lair:2)
  2 shadow imps
  2 white imps (Vaults:4)
  An ufetubus (D:6)
  2 adder zombies (Ossuary)
  2 worms (D:2)
  3 dart slugs
  82 orcs
  8 ball pythons
  4 bats
  An endoplasm (D:1)
  3 giant cockroaches
  6 hobgoblins
  3 quokkas
  A ball python skeleton (Ossuary)
  2 frilled lizards (D:1)
  8 goblins
  3 goblin skeletons (D:12)
  3 goblin zombies (D:12)
  2 hobgoblin skeletons (Ossuary)
  20 kobolds
  2 kobold zombies (Ossuary)
  2 orc skeletons
  8 orc zombies
  3 rats
1394 creatures vanquished.

Vanquished Creatures (collateral kills)
  A shadow dragon (D:14)
  A deep elf sorcerer (Elf:3)
  2 deep elf annihilators (Elf:3)
  A boulder beetle (D:12)
  A caustic shrike simulacrum (IceCv)
  A deep troll (Vaults:1)
  3 skeletal warriors (D:13)
  An ironbound convoker (Vaults:1)
  An orc knight (Vaults:1)
  A komodo dragon (Lair:1)
  A wyvern (D:6)
  A human (D:13)
  A harpy simulacrum (IceCv)
  A water moccasin (D:5)
  An ice beast (D:5)
  3 ogres
  A lindwurm simulacrum (IceCv)
  A gnoll (D:4)
23 creatures vanquished.

Vanquished Creatures (others)
  A tengu reaver (Vaults:2)
  An ironbound thunderhulk (Vaults:3)
  A naga warrior (Snake:2)
  A yaktaur captain (Vaults:1)
  5 great orbs of eyes
  A peacekeeper (Vaults:3)
  2 eyes of devastation (Vaults:1)
  An ironbound frostheart (Vaults:3)
  A shock serpent (shapeshifter) (Vaults:1)
  Sonja (D:11)
  An iron troll (shapeshifter) (Vaults:5)
  A deep troll (Orc:1)
  A necromancer (Vaults:3)
  A mana viper (shapeshifter) (Vaults:4)
  An ugly thing (Vaults:1)
  A shining eye (shapeshifter) (Vaults:4)
  2 manticores (shapeshifter)
  A cyclops (shapeshifter) (Vaults:1)
  5 vault sentinels
  2 eyes of devastation (shapeshifter)
  A black mamba (Snake:1)
  A yaktaur zombie (Vaults:3)
  9 yaktaurs
  A kobold demonologist (D:7)
  A rime drake (Lair:2)
  A hornet (Lair:6)
  22 slime creatures
  A stone giant simulacrum (Vaults:3)
  A vampire (D:12)
  2 humans (D:13)
  A fire bat (Volcano)
  3 water moccasins
  A sky beast (D:7)
  2 orc warriors
  5 ogres
  A wolf (Lair:2)
  2 necrophages (D:9)
  A human zombie (Vaults:3)
  2 bullfrogs
  A wyvern skeleton (D:6)
  A water moccasin skeleton (D:7)
  2 howler monkeys
  244 jellies
  2 centaur zombies
  2 hounds
  An orc priest (Orc:2)
  A centaur skeleton (D:5)
  4 orc wizards
  A hell rat (Lair:2)
  An ogre zombie (D:12)
  4 gnolls
  2 adders (D:6)
  3 white imps
  A worm (D:2)
  17 orcs
  2 ball pythons
  2 endoplasms (D:2)
  A gnoll zombie (D:4)
  2 kobolds
  A quokka (D:2)
  A bat (D:2)
  2 goblins
  A goblin skeleton (D:12)
  A goblin zombie (D:4)
  2 hobgoblin skeletons (D:12)
  8 orc zombies (D:12)
  2 rats
  A bush (Lair:2)
  140 fungi
  207 plants
  6 withered plants (D:9)
755 creatures vanquished.

Grand Total: 2172 creatures vanquished

Notes
Turn   | Place    | Note
-------+----------+-------------------------------------------
     0 | D:1      | BinkBink the Formicid Monk began the quest for the Orb.
     0 | D:1      | Reached XP level 1. HP: 18/18 MP: 1/1
   118 | D:1      | Reached XP level 2. HP: 24/24 MP: 2/2
   760 | D:1      | Reached XP level 3. HP: 23/29 MP: 3/3
   830 | D:1      | Found Ycaycoc's General Store.
   954 | D:1      | Found a faded altar of an unknown god.
   960 | D:1      | Prayed at the altar of an unknown god.
   960 | D:1      | Became a worshipper of Jiyva Jaibluob the Shapeless
   960 | D:1      | Reached * piety under Jiyva
   960 | D:1      | Reached ** piety under Jiyva
  1028 | D:2      | Found a snail-covered altar of Cheibriados.
  1085 | D:2      | Reached *** piety under Jiyva
  1101 | D:2      | Found Gopoifug's Assorted Antiques.
  1193 | D:2      | Reached XP level 4. HP: 35/35 MP: 4/4
  1202 | D:2      | Reached skill level 1 in Armour
  1398 | D:2      | Gained mutation: You possess an exceptional clarity of
                  | mind. [Jiyva's grace]
  1398 | D:2      | Gained mutation: You are covered in slimy tendrils that may
                  | disarm your opponents. [Jiyva's grace]
  1398 | D:2      | Gained mutation: Your mind is acute. (Int +2) [Jiyva's
                  | grace]
  1398 | D:2      | Gained mutation: Your mind is very acute. (Int +4) [Jiyva's
                  | grace]
  1748 | D:3      | Reached **** piety under Jiyva
  2581 | D:4      | Reached XP level 5. HP: 41/41 MP: 5/5
  2618 | D:4      | Reached ***** piety under Jiyva
  2618 | D:4      | Found a bloodstained altar of Trog.
  2622 | D:4      | Found a glowing golden altar of the Shining One.
  2631 | D:4      | Reached skill level 2 in Armour
  2719 | D:4      | Found a sand-covered staircase.
  2730 | Ossuary  | Entered an ossuary
  2819 | Ossuary  | Reached skill level 1 in Staves
  2841 | Ossuary  | Noticed a wraith
  2841 | Ossuary  | Noticed a flying skull
  2848 | Ossuary  | Noticed a flying skull
  2850 | Ossuary  | Noticed a flying skull
  2852 | Ossuary  | Noticed a flying skull
  2854 | Ossuary  | Noticed a flying skull
  2882 | Ossuary  | Noticed a wraith
  2916 | Ossuary  | Reached XP level 6. HP: 28/47 MP: 6/6
  2940 | Ossuary  | Noticed a wraith
  2954 | Ossuary  | Killed a wraith
  2955 | Ossuary  | Reached skill level 3 in Armour
  2955 | Ossuary  | Reached XP level 7. HP: 22/52 MP: 7/7
  3002 | Ossuary  | Killed a wraith
  3140 | D:4      | Reached skill level 4 in Armour
  3140 | D:4      | Reached skill level 5 in Dodging
  3189 | D:4      | Found a staircase to the Ecumenical Temple.
  3376 | D:5      | Entered Level 5 of the Dungeon
  3385 | D:5      | Reached XP level 8. HP: 42/58 MP: 8/8
  3428 | D:5      | Lost mutation: You are covered in slimy tendrils that may
                  | disarm your opponents. [Jiyva's grace]
  3428 | D:5      | Gained mutation: You have a small jelly attached to you
                  | that senses nearby items. [Jiyva's grace]
  3428 | D:5      | Gained mutation: You are resistant to electric shocks.
                  | (rElec) [Jiyva's grace]
  3428 | D:5      | Gained mutation: You are agile. (Dex +2) [Jiyva's grace]
  3428 | D:5      | Gained mutation: You are very agile. (Dex +4) [Jiyva's
                  | grace]
  3558 | D:5      | Found a transporter.
  3559 | D:5      | Noticed a wraith
  3577 | D:5      | Reached skill level 5 in Armour
  3607 | D:5      | Found a stormy altar of Qazlal.
  3608 | D:5      | Found an opulent altar of Gozag.
  3608 | D:5      | Found a shadowy altar of Dithmenos.
  3695 | D:5      | Found a burning altar of Makhleb.
  3696 | D:5      | Found a radiant altar of Vehumet.
  3892 | D:5      | Found a transporter.
  3901 | D:5      | Reached skill level 5 in Staves
  4163 | D:5      | Reached skill level 6 in Armour
  4321 | D:6      | Reached XP level 9. HP: 53/64 MP: 9/9
  4462 | D:6      | Reached skill level 7 in Armour
  4571 | D:6      | Reached ****** piety under Jiyva
  4887 | D:6      | Found a runed translucent door.
  4888 | D:6      | Noticed Crazy Yiuf
  5000 | D:6      | Reached XP level 10. HP: 55/70 MP: 10/10
  5019 | D:6      | Reached skill level 8 in Armour
  5161 | D:7      | Noticed Maggie
  5188 | D:7      | Killed Maggie
  5345 | D:7      | Killed a kobold demonologist
  5382 | D:7      | Noticed a cyan ugly thing
  5405 | D:7      | Killed a cyan ugly thing
  5474 | D:7      | Gained mutation: You expend magic power (3 MP) to
                  | strengthen your wands. [Jiyva's grace]
  5474 | D:7      | Gained mutation: You have acidic saliva. [Jiyva's grace]
  5474 | D:7      | Gained mutation: You are robust. (+10% HP) [Jiyva's grace]
  5474 | D:7      | Gained mutation: You are very robust. (+20% HP) [Jiyva's
                  | grace]
  5747 | D:7      | Found Pieruhud's Assorted Antiques.
  6051 | D:8      | Reached skill level 5 in Fighting
  6217 | D:8      | Reached skill level 9 in Armour
  6254 | D:8      | Noticed a two-headed ogre
  6747 | D:8      | Found a faded altar of an unknown god.
  6747 | D:8      | Found a faded altar of an unknown god.
  6754 | D:8      | Found a shimmering blue altar of Sif Muna.
  6756 | D:8      | Found an ancient bone altar of Kikubaaqudgha.
  6758 | D:8      | Found a broken altar of Ashenzari.
  7257 | D:9      | Reached XP level 11. HP: 94/97 MP: 11/11
  7316 | D:9      | Noticed a cyclops
  7316 | D:9      | Noticed a green ugly thing
  7316 | D:9      | Noticed a centaur warrior
  7316 | D:9      | Noticed a cyclops
  7316 | D:9      | Noticed a skeletal warrior
  7316 | D:9      | Noticed a cyclops
  7331 | D:9      | Noticed a centaur warrior
  7332 | D:9      | Noticed a centaur warrior
  7543 | D:9      | Noticed Grum
  7582 | D:9      | Killed Grum
  7788 | D:9      | Found a staircase to the Lair.
  7791 | D:9      | Lost mutation: Your mind is very acute. (Int +4) [Jiyva's
                  | grace]
  7791 | D:9      | Lost mutation: You are very robust. (+20% HP) [Jiyva's
                  | grace]
  7791 | D:9      | Lost mutation: You are resistant to electric shocks.
                  | (rElec) [Jiyva's grace]
  7791 | D:9      | Lost mutation: You have acidic saliva. [Jiyva's grace]
  7791 | D:9      | Gained mutation: Your system is resistant to poisons.
                  | (rPois) [Jiyva's grace]
  7791 | D:9      | Gained mutation: You have very sharp teeth. [Jiyva's grace]
  7791 | D:9      | Gained mutation: You have extremely sharp teeth. [Jiyva's
                  | grace]
  7791 | D:9      | Gained mutation: You have razor-sharp teeth. [Jiyva's
                  | grace]
  8189 | D:9      | Reached skill level 10 in Armour
  8349 | D:2      | Bought a blackened granite ring for 135 gold pieces
  8586 | Lair:1   | Entered Level 1 of the Lair of Beasts
  8719 | D:10     | Entered Level 10 of the Dungeon
  8722 | D:10     | Identified the +1 tower shield of Xeapoq {Harm rElec Dex+3}
  8757 | D:10     | Noticed Joseph
  8800 | D:10     | Reached skill level 1 in Shields
  8810 | D:10     | You fall into a shaft and drop 3 floors!
  8859 | D:13     | Noticed a manticore
  8900 | D:13     | Killed a manticore
  8945 | D:12     | Noticed a two-headed ogre
  8945 | D:12     | Noticed a boulder beetle
  9060 | D:13     | Noticed a skeletal warrior
  9061 | D:13     | Noticed a skeletal warrior
  9125 | D:13     | Killed a skeletal warrior
  9204 | D:11     | Noticed Erica
  9210 | D:11     | Reached skill level 5 in Shields
  9276 | D:11     | Killed Erica
  9277 | D:11     | Reached XP level 12. HP: 47/100 MP: 12/12
  9363 | D:11     | Noticed Maurice
  9392 | D:11     | Killed Maurice
  9508 | D:11     | Killed Sonja
  9863 | D:11     | Reached skill level 10 in Shields
  9980 | D:11     | Noticed Urug
 10004 | D:11     | Killed Urug
 10213 | D:10     | Lost mutation: You are very agile. (Dex +4) [Jiyva's grace]
 10213 | D:10     | Gained mutation: You have sharp toenails. [Jiyva's grace]
 10213 | D:10     | Gained mutation: You have razor-sharp toenails. [Jiyva's
                  | grace]
 10213 | D:10     | Gained mutation: You have claws for feet. [Jiyva's grace]
 10213 | D:10     | Gained mutation: Your flesh is cold resistant. (rC+)
                  | [Jiyva's grace]
 10392 | D:10     | Found Gefaurch's Lightly-Used Armoury.
 10418 | D:10     | Killed Joseph
 10609 | D:12     | Found a staircase to the Orcish Mines.
 10612 | D:12     | Noticed a two-headed ogre
 10800 | D:12     | Found a transporter.
 10833 | D:12     | Found a transporter.
 10839 | D:12     | Noticed a centaur warrior
 10839 | D:12     | Noticed a catoblepas
 10842 | D:12     | Noticed Gilette's ghost (journeyman TrFi)
 10842 | D:12     | Noticed an ogre mage
 10888 | D:12     | Killed a boulder beetle
 10940 | D:12     | Killed a two-headed ogre
 11007 | D:12     | Killed a two-headed ogre
 11534 | D:13     | Reached XP level 13. HP: 105/105 MP: 4/13
 11714 | D:13     | Lost mutation: You have claws for feet. [Jiyva's grace]
 11714 | D:13     | Lost mutation: You are agile. (Dex +2) [Jiyva's grace]
 11714 | D:13     | Lost mutation: You possess an exceptional clarity of mind.
                  | [Jiyva's grace]
 11714 | D:13     | Lost mutation: You have a small jelly attached to you that
                  | senses nearby items. [Jiyva's grace]
 11714 | D:13     | Gained mutation: Your rubbery body absorbs attacks. (AC +1,
                  | EV +1) [Jiyva's grace]
 11714 | D:13     | Gained mutation: Your pliable body absorbs attacks. (AC +2,
                  | EV +2) [Jiyva's grace]
 11714 | D:13     | Gained mutation: Your gelatinous body deflects attacks. (AC
                  | +3, EV +3) [Jiyva's grace]
 11714 | D:13     | Gained mutation: You are strong-willed. (Will+) [Jiyva's
                  | grace]
 11848 | D:13     | Found a gate to the Vaults.
 12172 | D:14     | Reached skill level 15 in Shields
 12428 | D:14     | Found a frozen archway.
 12442 | D:14     | Reached skill level 10 in Staves
 12503 | IceCv    | Entered an ice cave
 12603 | IceCv    | HP: 5/111 [caustic shrike simulacrum (24)]
 12706 | IceCv    | Noticed a white very ugly thing
 12971 | D:14     | Noticed a sphinx
 13411 | Lair:1   | Reached XP level 14. HP: 119/119 MP: 4/14
 13511 | Lair:1   | Reached skill level 10 in Fighting
 13956 | Lair:2   | Lost mutation: You expend magic power (3 MP) to strengthen
                  | your wands. [Jiyva's grace]
 13956 | Lair:2   | Gained mutation: You are partially covered in iridescent
                  | scales. (AC +2) [Jiyva's grace]
 13956 | Lair:2   | Gained mutation: You are mostly covered in iridescent
                  | scales. (AC +4) [Jiyva's grace]
 13956 | Lair:2   | Gained mutation: You are completely covered in iridescent
                  | scales. (AC +6) [Jiyva's grace]
 13956 | Lair:2   | Gained mutation: You have acidic saliva. [Jiyva's grace]
 14004 | Lair:2   | Noticed Prince Ribbit
 14010 | Lair:2   | Killed Prince Ribbit
 14614 | Lair:2   | Found a staircase to the Snake Pit.
 14934 | Lair:3   | Noticed Gastronok
 14941 | Lair:3   | Killed Gastronok
 15982 | Lair:4   | Lost mutation: You have razor-sharp teeth. [Jiyva's grace]
 15982 | Lair:4   | Lost mutation: You have razor-sharp toenails. [Jiyva's
                  | grace]
 15982 | Lair:4   | Lost mutation: You have sharp toenails. [Jiyva's grace]
 15982 | Lair:4   | Lost mutation: You are completely covered in iridescent
                  | scales. (AC +6) [Jiyva's grace]
 15982 | Lair:4   | Lost mutation: You are mostly covered in iridescent scales.
                  | (AC +4) [Jiyva's grace]
 15982 | Lair:4   | Lost mutation: You are robust. (+10% HP) [Jiyva's grace]
 15982 | Lair:4   | Lost mutation: Your gelatinous body deflects attacks. (AC
                  | +3, EV +3) [Jiyva's grace]
 15982 | Lair:4   | Gained mutation: You have razor-sharp teeth. [Jiyva's
                  | grace]
 15982 | Lair:4   | Gained mutation: You expend magic power (3 MP) to
                  | strengthen your wands. [Jiyva's grace]
 15982 | Lair:4   | Gained mutation: You are agile. (Dex +2) [Jiyva's grace]
 15982 | Lair:4   | Gained mutation: You are very agile. (Dex +4) [Jiyva's
                  | grace]
 16049 | Lair:4   | Found a blossoming altar of Fedhas.
 16423 | Lair:4   | Reached XP level 15. HP: 122/122 MP: 5/15
 16601 | Lair:4   | Found a staircase to the Shoals.
 17217 | Lair:5   | Lost mutation: You have razor-sharp teeth. [Jiyva's grace]
 17217 | Lair:5   | Lost mutation: You have extremely sharp teeth. [Jiyva's
                  | grace]
 17217 | Lair:5   | Lost mutation: You are very agile. (Dex +4) [Jiyva's grace]
 17217 | Lair:5   | Lost mutation: You are agile. (Dex +2) [Jiyva's grace]
 17217 | Lair:5   | Lost mutation: You have acidic saliva. [Jiyva's grace]
 17217 | Lair:5   | Lost mutation: Your pliable body absorbs attacks. (AC +2,
                  | EV +2) [Jiyva's grace]
 17217 | Lair:5   | Gained mutation: You possess an exceptional clarity of
                  | mind. [Jiyva's grace]
 17217 | Lair:5   | Gained mutation: You are robust. (+10% HP) [Jiyva's grace]
 17217 | Lair:5   | Gained mutation: You are very robust. (+20% HP) [Jiyva's
                  | grace]
 17217 | Lair:5   | Gained mutation: You are extremely robust. (+30% HP)
                  | [Jiyva's grace]
 17488 | Lair:5   | Found a dark tunnel.
 17502 | Volcano  | Entered a volcano
 18597 | Lair:6   | Entered Level 6 of the Lair of Beasts
 18597 | Lair:6   | Found a viscous altar of Jiyva.
 18602 | Lair:6   | Found a staircase to the Slime Pits.
 19094 | Lair:6   | Found a runed translucent door.
 19399 | Lair:6   | Reached skill level 15 in Staves
 19437 | Lair:6   | Reached skill level 15 in Fighting
 19571 | Lair:6   | Reached XP level 16. HP: 176/176 MP: 5/16
 19798 | Lair:6   | Lost mutation: Your system is resistant to poisons. (rPois)
                  | [Jiyva's grace]
 19798 | Lair:6   | Lost mutation: You are extremely robust. (+30% HP) [Jiyva's
                  | grace]
 19798 | Lair:6   | Gained mutation: Your flesh is very cold resistant. (rC++)
                  | [Jiyva's grace]
 19798 | Lair:6   | Gained mutation: Your flesh is almost immune to the effects
                  | of cold. (rC+++) [Jiyva's grace]
 19798 | Lair:6   | Gained mutation: You have acidic saliva. [Jiyva's grace]
 19798 | Lair:6   | Gained mutation: Your body has grown eyes which may confuse
                  | attackers. (Acc +3) [Jiyva's grace]
 20606 | D:6      | Killed Crazy Yiuf
 20913 | D:14     | Noticed a shadow dragon
 20928 | D:14     | Killed a shadow dragon
 20933 | D:14     | Noticed a fire giant
 20952 | D:14     | Killed a fire giant
 20967 | D:14     | Noticed a sphinx
 20983 | D:14     | Killed a sphinx
 20998 | D:14     | Killed a sphinx
 21088 | D:15     | Entered Level 15 of the Dungeon
 21429 | D:15     | Reached skill level 11 in Armour
 21504 | D:15     | Found a staircase to the Depths.
 21704 | D:15     | Found Nuonocwujih's Antique Weapon Emporium.
 21856 | D:15     | Lost mutation: You have very sharp teeth. [Jiyva's grace]
 21856 | D:15     | Lost mutation: Your flesh is almost immune to the effects
                  | of cold. (rC+++) [Jiyva's grace]
 21856 | D:15     | Lost mutation: Your flesh is very cold resistant. (rC++)
                  | [Jiyva's grace]
 21856 | D:15     | Lost mutation: You are strong-willed. (Will+) [Jiyva's
                  | grace]
 21856 | D:15     | Lost mutation: You are very robust. (+20% HP) [Jiyva's
                  | grace]
 21856 | D:15     | Lost mutation: Your rubbery body absorbs attacks. (AC +1,
                  | EV +1) [Jiyva's grace]
 21856 | D:15     | Gained mutation: Your rubbery body absorbs attacks. (AC +1,
                  | EV +1) [Jiyva's grace]
 21856 | D:15     | Gained mutation: Your pliable body absorbs attacks. (AC +2,
                  | EV +2) [Jiyva's grace]
 21856 | D:15     | Gained mutation: Your gelatinous body deflects attacks. (AC
                  | +3, EV +3) [Jiyva's grace]
 21856 | D:15     | Gained mutation: Your body has grown many eyes which may
                  | confuse attackers. (Acc +5) [Jiyva's grace]
 21865 | D:15     | Found an iron altar of Okawaru.
 21870 | D:15     | Identified the +5 scythe of Riamen {freeze, rElec Str+2}
 22243 | Orc:1    | Entered Level 1 of the Orcish Mines
 22367 | Orc:1    | Reached skill level 12 in Armour
 22501 | Orc:2    | Entered Level 2 of the Orcish Mines
 22501 | Orc:2    | Found Ufacef's Armour Shoppe.
 22715 | Orc:1    | Reached skill level 13 in Armour
 22981 | Orc:2    | Found Eleriq's Jewellery Shop.
 22988 | Orc:2    | Found Duoxudda's Jewellery Boutique.
 22989 | Orc:2    | Found Zoly's Distillery.
 22999 | Orc:2    | Found Sowag's Antique Weapon Boutique.
 23027 | Orc:2    | Reached XP level 17. HP: 158/158 MP: 5/17
 23124 | Orc:2    | Reached skill level 14 in Armour
 23201 | Orc:2    | Found a staircase to the Elven Halls.
 23529 | D:10     | Bought -3 gold dragon scales for 910 gold pieces
 23709 | D:2      | Bought a scroll of identify for 54 gold pieces
 23709 | D:2      | Bought a scroll of identify for 54 gold pieces
 23709 | D:2      | Bought a scroll of identify for 54 gold pieces
 23709 | D:2      | Bought a scroll of identify for 54 gold pieces
 23984 | Snake:1  | Entered Level 1 of the Snake Pit
 24147 | Snake:1  | You fall into a shaft and drop 1 floor!
 24192 | Snake:1  | Reached skill level 15 in Armour
 24223 | Snake:1  | Noticed Agnes
 24235 | Snake:1  | Killed Agnes
 24279 | Snake:1  | Lost mutation: You are partially covered in iridescent
                  | scales. (AC +2) [Jiyva's grace]
 24279 | Snake:1  | Lost mutation: Your gelatinous body deflects attacks. (AC
                  | +3, EV +3) [Jiyva's grace]
 24279 | Snake:1  | Gained mutation: Your flesh is very cold resistant. (rC++)
                  | [Jiyva's grace]
 24279 | Snake:1  | Gained mutation: Your flesh is almost immune to the effects
                  | of cold. (rC+++) [Jiyva's grace]
 24279 | Snake:1  | Gained mutation: Your system is resistant to poisons.
                  | (rPois) [Jiyva's grace]
 24279 | Snake:1  | Gained mutation: You are partially covered in iridescent
                  | scales. (AC +2) [Jiyva's grace]
 24344 | Snake:1  | Found Custrim's Book Emporium.
 24344 | Snake:1  | Found Afeut's Assorted Antiques.
 24359 | Snake:1  | Bought a scroll of enchant armour for 247 gold pieces
 24774 | Snake:1  | Noticed Donald
 24783 | Snake:1  | Killed Donald
 24991 | Snake:1  | Reached skill level 16 in Armour
 25305 | Snake:1  | Reached skill level 17 in Armour
 25556 | Snake:1  | Bought a scroll of enchant weapon for 247 gold pieces
 25937 | Snake:2  | Reached skill level 18 in Armour
 25951 | Snake:2  | Reached XP level 18. HP: 162/166 MP: 15/18
 26093 | Snake:2  | Noticed Vashnia
 26114 | Snake:2  | Killed Vashnia
 26198 | Snake:2  | Reached skill level 19 in Armour
 26214 | Snake:2  | Found a runed translucent door.
 26225 | Snake:2  | Found a shimmering altar of Xom.
 26225 | Snake:2  | Noticed Ysuobe's ghost (journeyman DDFi)
 26339 | Snake:2  | Noticed Asterion
 26356 | Snake:2  | Killed Asterion
 26756 | Snake:3  | Found Dimiemumad's Antique Armour Emporium.
 26757 | Snake:3  | Lost mutation: You are partially covered in iridescent
                  | scales. (AC +2) [Jiyva's grace]
 26757 | Snake:3  | Lost mutation: Your pliable body absorbs attacks. (AC +2,
                  | EV +2) [Jiyva's grace]
 26757 | Snake:3  | Gained mutation: Armour fits poorly on your pseudopods.
                  | [Jiyva's grace]
 26757 | Snake:3  | Gained mutation: Armour fits poorly on your large
                  | pseudopods. [Jiyva's grace]
 26757 | Snake:3  | Gained mutation: Armour fits poorly on your massive
                  | pseudopods. [Jiyva's grace]
 26757 | Snake:3  | Gained mutation: Your translucent skin slightly reduces
                  | your foes' accuracy. (Stealth+) [Jiyva's grace]
 26825 | Snake:3  | Found Wetseiffec's Book Emporium.
 26879 | Snake:3  | Reached skill level 20 in Armour
 26898 | Snake:3  | Found Myehutt's Weapon Boutique.
 26988 | Snake:3  | Identified the +7 long sword "Wesih" {venom, Will+ Str+4
                  | SInv Stlth+}
 27153 | Snake:3  | Found Gaown's Assorted Antiques.
 27332 | Snake:4  | Entered Level 4 of the Snake Pit
 27375 | Snake:4  | Noticed Mara
 27395 | Snake:4  | Noticed BinkBink's illusion
 27395 | Snake:4  | Killed Mara
 27568 | Snake:4  | Noticed Mlioglotl
 27758 | Slime:1  | Entered Level 1 of the Pits of Slime
 27978 | Slime:2  | Noticed an acid blob
 27999 | Slime:2  | Noticed an acid blob
 28040 | Slime:2  | Lost mutation: Your flesh is almost immune to the effects
                  | of cold. (rC+++) [Jiyva's grace]
 28040 | Slime:2  | Lost mutation: Your body has grown many eyes which may
                  | confuse attackers. (Acc +5) [Jiyva's grace]
 28040 | Slime:2  | Lost mutation: You expend magic power (3 MP) to strengthen
                  | your wands. [Jiyva's grace]
 28040 | Slime:2  | Gained mutation: You have a small jelly attached to you
                  | that senses nearby items. [Jiyva's grace]
 28040 | Slime:2  | Gained mutation: Your spells are a little harder to cast,
                  | but a little more powerful. [Jiyva's grace]
 28040 | Slime:2  | Gained mutation: Your spells are harder to cast, but more
                  | powerful. [Jiyva's grace]
 28040 | Slime:2  | Gained mutation: Your spells are much harder to cast, but
                  | much more powerful. [Jiyva's grace]
 28090 | Slime:2  | Noticed an acid blob
 28347 | Slime:3  | Noticed an acid blob
 28439 | Slime:4  | Noticed an acid blob
 28607 | Slime:5  | Entered Level 5 of the Pits of Slime
 28648 | Slime:5  | Noticed an acid blob
 28682 | Slime:5  | Noticed an acid blob
 28716 | Slime:5  | Noticed an acid blob
 28716 | Slime:5  | Noticed an acid blob
 28743 | Slime:5  | Noticed an acid blob
 28778 | Slime:5  | Noticed an acid blob
 28787 | Slime:5  | Noticed an acid blob
 28796 | Slime:5  | Lost mutation: Your flesh is very cold resistant. (rC++)
                  | [Jiyva's grace]
 28796 | Slime:5  | Lost mutation: Armour fits poorly on your massive
                  | pseudopods. [Jiyva's grace]
 28796 | Slime:5  | Gained mutation: You have a small jelly attached to you
                  | that may absorb projectiles. [Jiyva's grace]
 28796 | Slime:5  | Gained mutation: Your natural rate of healing is unusually
                  | fast. [Jiyva's grace]
 28796 | Slime:5  | Gained mutation: You heal very quickly. [Jiyva's grace]
 28796 | Slime:5  | Gained mutation: You regenerate. [Jiyva's grace]
 28799 | Slime:5  | Noticed an acid blob
 28809 | Slime:5  | Found a viscous altar of Jiyva.
 28810 | Slime:5  | Noticed the Royal Jelly
 28811 | Slime:5  | Found the +8 glaive of the Guard {elec, spectral, AC+5}
 28814 | Slime:5  | Identified the +1 tower shield of Zojim {rPois rN+ Int-4
                  | Stlth+}
 28816 | Slime:5  | Noticed an acid blob
 28817 | Slime:5  | Got the Volume of Transmutation
 28818 | Slime:5  | Identified the +8 mace of Internal Strife {holy, *Corrode
                  | +Blink Str+4 Dex+5}
 28826 | Slime:5  | Identified the +6 morningstar of Taxation {vorpal, rElec
                  | rF+ Will+ Stlth+}
 28831 | Slime:5  | Noticed an acid blob
 28836 | Slime:5  | Identified the +8 longbow "Kulunoin" {vorpal, rPois rF+
                  | rCorr}
 28847 | Slime:5  | Identified the +9 hand crossbow of the Nine Wars {freeze,
                  | rCorr Dex+3}
 28859 | Slime:5  | Got a slimy rune of Zot
 28874 | Slime:5  | Noticed an acid blob
 29318 | Slime:1  | Noticed an acid blob
 29661 | Vaults:1 | Entered Level 1 of the Vaults
 29683 | Vaults:1 | Reached skill level 21 in Armour
 29766 | Elf:1    | Entered Level 1 of the Elven Halls
 29786 | Orc:2    | Reached XP level 19. HP: 172/172 MP: 16/19
 29990 | Elf:1    | Found Loupt's Book Emporium.
 30069 | Elf:1    | Found a runed translucent gate.
 30069 | Elf:1    | Found a runed translucent gate.
 30070 | Elf:1    | Found a runed translucent gate.
 30071 | Elf:1    | Found an opulent altar of Gozag.
 30073 | Elf:1    | Noticed Stonecrops's ghost (adept FoFi)
 30075 | Elf:1    | Found Iwukakap's Assorted Antiques.
 30136 | Elf:1    | Lost mutation: Your system is resistant to poisons. (rPois)
                  | [Jiyva's grace]
 30136 | Elf:1    | Lost mutation: You regenerate. [Jiyva's grace]
 30136 | Elf:1    | Lost mutation: You are robust. (+10% HP) [Jiyva's grace]
 30136 | Elf:1    | Lost mutation: Armour fits poorly on your large pseudopods.
                  | [Jiyva's grace]
 30136 | Elf:1    | Lost mutation: Your translucent skin slightly reduces your
                  | foes' accuracy. (Stealth+) [Jiyva's grace]
 30136 | Elf:1    | Gained mutation: Your muscles are strong. (Str +2) [Jiyva's
                  | grace]
 30136 | Elf:1    | Gained mutation: Your muscles are very strong. (Str +4)
                  | [Jiyva's grace]
 30136 | Elf:1    | Gained mutation: You have hidden genetic potential.
                  | [Jiyva's grace]
 30136 | Elf:1    | Gained mutation: You have great hidden genetic potential.
                  | [Jiyva's grace]
 30808 | Shoals:1 | Entered Level 1 of the Shoals
 31106 | Vaults:1 | Reached skill level 22 in Armour
 31490 | Vaults:1 | Identified the +5 long sword of Maus {antimagic, Contam Fly
                  | rC++ Dex+3}
 31556 | Vaults:1 | Reached skill level 23 in Armour
 31869 | Vaults:1 | You fall into a shaft and drop 1 floor!
 32166 | Vaults:2 | Lost mutation: You possess an exceptional clarity of mind.
                  | [Jiyva's grace]
 32166 | Vaults:2 | Lost mutation: Your muscles are very strong. (Str +4)
                  | [Jiyva's grace]
 32166 | Vaults:2 | Lost mutation: Your spells are much harder to cast, but
                  | much more powerful. [Jiyva's grace]
 32166 | Vaults:2 | Lost mutation: You have a small jelly attached to you that
                  | may absorb projectiles. [Jiyva's grace]
 32166 | Vaults:2 | Gained mutation: You expend magic power (3 MP) to
                  | strengthen your wands. [Jiyva's grace]
 32166 | Vaults:2 | Gained mutation: You possess an exceptional clarity of
                  | mind. [Jiyva's grace]
 32166 | Vaults:2 | Gained mutation: Your muscles are very strong. (Str +4)
                  | [Jiyva's grace]
 32166 | Vaults:2 | Gained mutation: Your spells are much harder to cast, but
                  | much more powerful. [Jiyva's grace]
 32169 | Vaults:2 | Reached XP level 20. HP: 164/164 MP: 17/20
 32194 | Vaults:2 | Reached skill level 24 in Armour
 32260 | Vaults:2 | Gained mutation: You are partially covered in iridescent
                  | scales. (AC +2) [hidden potential]
 32572 | Vaults:2 | Noticed Sojobo
 32612 | Vaults:2 | Killed Sojobo
 32800 | Vaults:2 | Found a staircase to the Crypt.
 33080 | Vaults:2 | Reached skill level 25 in Armour
 34111 | Vaults:3 | Reached skill level 26 in Armour
 34183 | Vaults:2 | Reached XP level 21. HP: 150/151 MP: 11/21
 34348 | Vaults:3 | Gained mutation: Your mind is very acute. (Int +4) [hidden
                  | potential]
 34348 | Vaults:3 | Lost mutation: You have great hidden genetic potential.
                  | [hidden potential expressed]
 34890 | Vaults:3 | Lost mutation: Your mind is very acute. (Int +4) [Jiyva's
                  | grace]
 34890 | Vaults:3 | Lost mutation: You heal very quickly. [Jiyva's grace]
 34890 | Vaults:3 | Lost mutation: Your muscles are very strong. (Str +4)
                  | [Jiyva's grace]
 34890 | Vaults:3 | Lost mutation: Your rubbery body absorbs attacks. (AC +1,
                  | EV +1) [Jiyva's grace]
 34890 | Vaults:3 | Gained mutation: Your mind is very acute. (Int +4) [Jiyva's
                  | grace]
 34890 | Vaults:3 | Gained mutation: You are covered in slimy tendrils that may
                  | disarm your opponents. [Jiyva's grace]
 34890 | Vaults:3 | Gained mutation: You are robust. (+10% HP) [Jiyva's grace]
 34890 | Vaults:3 | Gained mutation: You are very robust. (+20% HP) [Jiyva's
                  | grace]
 35420 | Vaults:4 | Reached skill level 27 in Armour
 35713 | Vaults:4 | Noticed Frederick
 35748 | Vaults:4 | Killed Frederick
 35762 | Vaults:4 | Reached skill level 10 in Dodging
 35864 | Vaults:4 | Identified the +1 helmet of Valiance {rElec}
 36196 | Vaults:4 | Identified the +1 scale mail of Elyvilon's Envy {rCorr}
 36284 | Vaults:5 | Entered Level 5 of the Vaults
 36567 | Elf:2    | Found Xynito's One-of-a-Kind Books.
 36676 | Elf:2    | Lost mutation: Your natural rate of healing is unusually
                  | fast. [Jiyva's grace]
 36676 | Elf:2    | Lost mutation: Your spells are much harder to cast, but
                  | much more powerful. [Jiyva's grace]
 36676 | Elf:2    | Lost mutation: You have hidden genetic potential. [Jiyva's
                  | grace]
 36676 | Elf:2    | Lost mutation: You are covered in slimy tendrils that may
                  | disarm your opponents. [Jiyva's grace]
 36676 | Elf:2    | Gained mutation: You have sharp toenails. [Jiyva's grace]
 36676 | Elf:2    | Gained mutation: You have razor-sharp toenails. [Jiyva's
                  | grace]
 36676 | Elf:2    | Gained mutation: You have claws for feet. [Jiyva's grace]
 36676 | Elf:2    | Gained mutation: Armour fits poorly on your large
                  | pseudopods. [Jiyva's grace]
 36679 | Elf:2    | Found a runed translucent gate.
 36721 | Elf:2    | Found a runed translucent gate.
 36722 | Elf:2    | Found a runed translucent gate.
 36965 | Elf:2    | Identified the +1 leather armour of Entitlement {Rampage
                  | rElec rC-}
 37194 | Elf:2    | Reached XP level 22. HP: 216/216 MP: 19/22
 37478 | Elf:3    | Entered Level 3 of the Elven Halls
 38426 | Elf:3    | Identified the amulet of Japamma {rElec Regen+ Str+2}
 38442 | Elf:3    | Identified the -1 buckler "Fielo" {Str+7}
 38516 | Elf:3    | Identified the ring "Yroed" {Drain rPois Will+ Dex+2}
 38633 | Elf:3    | Identified the amulet of Boorph {Faith Will++ Int+4}
 38720 | Elf:3    | Lost mutation: You have claws for feet. [Jiyva's grace]
 38720 | Elf:3    | Lost mutation: You are partially covered in iridescent
                  | scales. (AC +2) [Jiyva's grace]
 38720 | Elf:3    | Lost mutation: Your spells are harder to cast, but more
                  | powerful. [Jiyva's grace]
 38720 | Elf:3    | Lost mutation: You have acidic saliva. [Jiyva's grace]
 38720 | Elf:3    | Lost mutation: Your body has grown eyes which may confuse
                  | attackers. (Acc +3) [Jiyva's grace]
 38720 | Elf:3    | Lost mutation: Armour fits poorly on your large pseudopods.
                  | [Jiyva's grace]
 38720 | Elf:3    | Gained mutation: You have a small jelly attached to you
                  | that may absorb projectiles. [Jiyva's grace]
 38720 | Elf:3    | Lost mutation: You have razor-sharp toenails. [Jiyva's
                  | grace]
 38720 | Elf:3    | Lost mutation: You have sharp toenails. [Jiyva's grace]
 38720 | Elf:3    | Gained mutation: You have large cloven feet. [Jiyva's
                  | grace]
 38720 | Elf:3    | Gained mutation: You have hoof-like feet. [Jiyva's grace]
 38720 | Elf:3    | Gained mutation: You have hooves in place of feet. [Jiyva's
                  | grace]
 38723 | Elf:3    | Identified the ring "Fajehem" {Fire rPois Will- Int+2}
 38764 | Elf:3    | Found the dreamshard necklace {*Dream Drain}
 38820 | Elf:3    | Got the Reference Book on the Mountains
 39595 | Vaults:5 | Identified the +4 arbalest "Guifo" {penet, rElec rF++ rC-
                  | Dex-2}
 39712 | Vaults:4 | Reached XP level 23. HP: 157/182 MP: 18/23
 40013 | Vaults:5 | Noticed a golden dragon
 40034 | Vaults:5 | Killed a golden dragon
 40100 | Vaults:5 | Noticed an ancient lich
 40172 | Vaults:5 | Identified the +11 falchion "Hiutix" {vorpal, Int+5}
 40221 | Vaults:5 | Noticed a golden dragon
 40247 | Vaults:4 | Killed an ancient lich
 40258 | Vaults:4 | HP: 16/345 [frost giant/bolt of cold (31)]
 40260 | Vaults:4 | Killed from afar by a frost giant

Illustrated notes

Levels and vault maps discovered:
D:1:      sevenhm_arrival_forest_fort_small_4, layout_rooms, serial_shops, shop,
          shapermc_ecumenical_altar_mp_highgroup
D:2:      layout_loops_ring, serial_shops, shop, basic_altar,
          minmay_misc_feat_secret_circle
D:3:      layout_loops_corners
D:4:      layout_rooms, grunt_temple_overflow_open,
          minmay_temple_entry_drinking_statues, enter_ossuary_3
D:5:      layout_gridville, grunt_temple_overflow_lords_of_destruction,
          gammafunk_temple_overflow_arena, st_stairs_6
D:6:      minmay_bubble_buster, layout_basic, uniq_crazy_yiuf_cottage
D:7:      wad_river_or_something, layout_gridville, serial_shops,
          nicolae_take_the_stairs, minmay_misc_feat_alley, uniq_maggie
D:8:      layout_loops_ring, chequers_temple_overflow_minitemple
D:9:      layout_long_grid, erik_lair_dragon, special_room [special_room_orc],
          serial_undead, serial_undead_f, serial_undead_f, serial_undead_d,
          serial_undead_e, minivault_12, uniq_grum
D:10:     layout_cave_pools, minmay_shop_damaged, kennysheep_generic_room_3,
          uniq_joseph
D:11:     layout_stronghold, uniq_urug, uniq_maurice, uniq_sonja, uniq_erica
D:12:     layout_basic, zombieorc2_lemuel, nzn_ghost_randoct,
          minmay_statues_item
D:13:     layout_irregular_city, ximxim_vaults_locker_room
D:14:     layout_basic, portal_ice_cave_entry_ice_simulacra, serial_rivers,
          chequers_serial_rivers_large_b, chequers_serial_rivers_micro_b,
          chequers_serial_rivers_micro_a, chequers_serial_rivers_micro_a,
          minmay_diamond_spiral
D:15:     hangedman_depths_entry_civil_slaughter, layout_grid_maze,
          serial_shops, shop, okawaru_gym_becter
Lair:1:   wander_river, layout_small_grid
Lair:2:   dreamdust_isle_of_ice, layout_regular_city,
          minmay_snake_entry_guardpost_medium, uniq_prince_ribbit2
Lair:3:   layout_gridlike, serial_bayou_shore_b, infiniplex_staircase_pool,
          grunt_megastairs_5, uniq_gastronok
Lair:4:   layout_cave_pods, elwin_shoals_entry_rooms, tgw_fedhas
Lair:5:   layout_regular_city, enter_volcano_3
Lair:6:   hangedman_lair_tendril_chambers, layout_hall_layers, wormcave,
          slime_altar_1, st_stairs_8, chequers_serial_rivers_micro_c,
          lemuel_old_faithful
Shoals:1: layout_shoals, nicolae_shoals_drake_roost, uniq_jorgrun, uniq_nikola,
          uniq_aizul
Snake:1:  kennysheep_snake, layout_chambers, minmay_shoptagon, uniq_donald,
          uniq_agnes
Snake:2:  layout_misc_corridors, ebering_ghost_xom, uniq_asterion, uniq_vashnia
Snake:3:  layout_misc_corridors, serial_shops, nicolae_shop_overgrown_old_shop,
          shop, nicolae_square_shop, shop_statue, grunt_ministairs_15
Snake:4:  johnstein_snake_rune_scales, layout_layer_cave,
          nicolae_snake_round_shape_thing, drop_trap, uniq_mara, uniq_mlioglotl
Slime:1:  layout_caves
Slime:2:  layout_caves
Slime:3:  layout_caves
Slime:4:  layout_caves
Slime:5
Orc:1:    layout_caves, mines5_lemuel
Orc:2:    st_orc_open, layout_caves, serial_shops, shop, basic_altar,
          minmay_orc_barracks
Elf:1:    minmay_elf_arrival_plus, layout_geoelf_octagon, ebering_ghost_gozag,
          serial_shops, nicolae_shop_crystal, hangedman_corner_corridor
Elf:2:    nicolae_elf_blades_splatter_lattice
          [nicolae_blade_entry_diamond_columns], layout_gridlike,
          nicolae_rare_books
Elf:3:    minmay_elf_hall_x, layout_gridlike, nrook_mini_backslash
Vaults:1: nicolae_vaults_circle_grid_a, v_alt_pattern_6, st_greater_box_1,
          vaults_mumra_hexcomb, ontoclasm_vaults_decontamination,
          dpeg_vaults_monster_box, grunt_vaults_hallway_long,
          vaults_room_grunt_arrival_ludios, layout_vaults_omnicross
Vaults:2: ontoclasm_vaults_pinch, v_misc_8, vaults_dpeg_encased_lava, v_misc_27,
          minmay_crypt_entry_simple_sparse, vaults_standard_mumra_x,
          ontoclasm_vaults_bender, ontoclasm_vaults_fault, v_misc_27,
          layout_vaults_omnigrid, uniq_sojobo, uniq_margery
Vaults:3: v_misc_5, vaults_mumra_lcd, v_misc_1, ontoclasm_vaults_tryst,
          st_lattice, ontoclasm_vaults_eye, vaults_room_door_hall, v_misc_11,
          nicolae_vaults_ninety_degrees, nicolae_vaults_asterisk,
          hangedman_vaults_stretched_pinwheel, grunt_vaults_diagonal,
          nicolae_vaults_shelves_hall, layout_vaults_ring
Vaults:4: nicolae_vaults_murderbox, nicolae_vaults_back_hallway,
          hangedman_vaults_unwind, vaults_room_door_hall,
          nicolae_vaults_asterisk, serial_ice_b, grunt_vaults_hallway_short,
          layout_vaults_big_room, uniq_frederick
Vaults:5

Skill      XL: |  1  2  3  4  5  6  7  8  9 10 11 12 13 14 15 16 17 18 19 20 21 22 23 |
---------------+----------------------------------------------------------------------+-----
Dodging        | 3 4 5 6 7 8 9 10 12 | 12.9
Armour         | 1 2 3 4 6 7 9 10 13 18 21 23 26 27 | 27.0
Polearms       | 4 |  4.1
Staves         | 1 2 3 5 6 8 9 10 13 15 16 17 18 | 18.3
Fighting       | 5 7 9 12 15 16 18 | 18.7
Shields        | 7 13 15 | 15.0
Stealth        | |  2.4

Action                   |  1- 3 |  4- 6 |  7- 9 | 10-12 | 13-15 | 16-18 | 19-21 | 22-24 || total
-------------------------+-------+-------+-------+-------+-------+-------+-------+-------++-------
Melee: Spear             |   102 |   117 |       |       |       |       |       |       ||   219
       Quarterstaff      |       |    51 |   216 |   926 |  1511 |  1440 |  1161 |   576 ||  5881
       Bite              |       |       |       |   127 |   284 |   243 |   240 |    44 ||   938
       Kick              |       |       |       |    76 |   276 |       |    28 |   294 ||   674
       Pseudopods        |       |       |       |       |       |    41 |   360 |   198 ||   599
 Abil: Dig               |       |       |       |     2 |     7 |       |     1 |       ||    10
Evoke: Wand              |       |       |     1 |     4 |       |     2 |       |       ||     7
  Use: Scroll            |       |     2 |     2 |       |     4 |    17 |     5 |       ||    30
       Potion            |       |       |       |     1 |     4 |       |       |     4 ||     9
 Stab: Sleeping          |     4 |     8 |     3 |     5 |     8 |       |       |       ||    28
       Distracted        |       |       |     1 |       |     2 |     3 |       |       ||     6
       Confused          |       |       |       |       |       |    40 |    11 |     1 ||    52
Armor: Robe              |    14 |    36 |    46 |     7 |       |       |       |       ||   103
       Swamp dragon scal |       |       |       |    82 |       |       |       |       ||    82
       Troll leather arm |       |       |       |   121 |   156 |    82 |       |       ||   359
       Gold dragon scale |       |       |       |       |       |   166 |   281 |   246 ||   693
       Skin              |       |       |       |       |       |       |       |     4 ||     4
Dodge: Dodged            |    45 |    65 |   149 |   648 |   466 |   479 |   327 |   280 ||  2459
Block: Tower shield      |       |       |       |       |   975 |  1255 |   838 |   578 ||  3646

Table legend: (Time is in decaauts)
 A = Elapsed time spent in this place.
 B = Non-inter-level travel time spent in this place.
 C = Inter-level travel time spent in this place.
 D = Time resting spent in this place.
 E = Time spent auto-exploring this place.
 F = Levels seen in this place.
 G = Mean time per level.
                   A        B        C        D        E       F      G
               +--------+--------+--------+--------+--------+-----+--------+
         Total |  38624 |  33481 |   5143 |      0 |  21594 |  44 |  877.8 |
       Dungeon |  15174 |  12400 |   2774 |      0 |   8202 |  15 | 1011.6 |
          Lair |   6461 |   5721 |    740 |      0 |   3782 |   6 | 1076.8 |
        Shoals |      1 |      1 |      0 |      0 |      0 |   1 |    1.0 |
     Snake Pit |   3386 |   3130 |    256 |      0 |   2124 |   4 |  846.5 |
    Slime Pits |   1672 |   1447 |    225 |      0 |   1363 |   5 |  334.4 |
  Orcish Mines |   1250 |   1042 |    208 |      0 |    556 |   2 |  625.0 |
   Elven Halls |   3155 |   2945 |    210 |      0 |   2023 |   3 | 1051.7 |
        Vaults |   6108 |   5382 |    726 |      0 |   3380 |   5 | 1221.6 |
       Ossuary |    396 |    396 |      0 |      0 |    163 |   1 |  396.0 |
      Ice Cave |    250 |    250 |      0 |      0 |      0 |   1 |  250.0 |
       Volcano |    766 |    766 |      0 |      0 |      0 |   1 |  766.0 |
               +--------+--------+--------+--------+--------+-----+--------+

Top non-repeatable levels by time:
     D:9: 1735 daAuts
Vaults:2: 1682 daAuts
 Snake:1: 1645 daAuts
Vaults:1: 1560 daAuts
   Elf:3: 1441 daAuts
Vaults:4: 1406 daAuts
  Lair:6: 1392 daAuts
     D:7: 1302 daAuts
  Lair:4: 1271 daAuts
  Lair:2: 1194 daAuts
    D:12: 1145 daAuts
    D:13: 1118 daAuts
     D:5: 1082 daAuts
Vaults:3: 1073 daAuts
    D:15: 1049 daAuts
